 Dungeon Crawl Stone Soup version 0.22-a0-514-g96ba041d05 (webtiles) character file.

271978 Oravi the Sorcerer (level 19, -4/180 HPs)
             Began as a Purple Draconian Conjurer on June 18, 2018.
             Was the Champion of Vehumet.
             Slain by a tentacled monstrosity (15 damage)
             ... on level 4 of the Vaults on June 19, 2018.
             The game lasted 06:00:14 (56355 turns).

Oravi the Sorcerer (Purple Draconian Conjurer)     Turns: 56355, Time: 06:00:15

Health: -4/180     AC: 24    Str: 10    XL:     19   Next: 85%
Magic:  16/59      EV: 12    Int: 24    God:    Vehumet [******]
Gold:   2200       SH:  7    Dex: 13    Spells: 15/61 levels left

rFire    x . .     SeeInvis .   H - staff of power
rCold    + . .     Gourm    .   o - +2 buckler
rNeg     . . .     Faith    .   (armour unavailable)
rPois    .         Spirit   .   C - +0 hat
rElec    .         Reflect  .   Z - +2 cloak
rCorr    .         Harm     .   P - +2 pair of gloves {archery}
MR       ++...                  t - +2 pair of boots of Lies {Regen+ Int+3}
Stlth    ++........             p - amulet of magic regeneration
HPRegen  0.80/turn              L - ring of ice
MPRegen  0.61/turn              G - +5 ring of protection

@: about to teleport, constricted
A: breathe power, unfitting armour, dopey 1, cold-blooded, AC +10
}: 1/15 runes: barnacled
a: Breathe Dispelling Energy, Renounce Religion


You were on level 4 of the Vaults.
You worshipped Vehumet.
Vehumet was exalted by your worship.
You were not hungry.

You visited 6 branches of the dungeon, and saw 32 of its levels.
You also visited: Ice Cave.

You collected 3426 gold pieces.
You spent 1226 gold pieces at shops.

Inventory:

Hand Weapons
 N - a +0 whip of venom
 Q - a +1 demon trident of freezing
 R - a +0 short sword of flaming
 X - the cursed +1 hand axe "Zotzitwao" {protect, rC+}
   (You bought it in a shop on level 15 of the Dungeon)

   It protects the one who uses it against injury (+AC on strike).
   It protects you from cold.
   It has a curse placed upon it.
 Y - a +2 demon trident of freezing
Missiles
 e - 999 stones (quivered)
 n - 6 throwing nets
Armour
 o - a +2 buckler (worn)
 t - the +2 pair of boots of Lies (worn) {Regen+ Int+3}
   (You found it on level 4 of the Dungeon)

   It affects your intelligence (+3).
   It increases your rate of regeneration.
 C - a +0 hat (worn)
 P - a +2 pair of gloves of archery (worn)
 S - a scarf of cloud immunity
 U - the cursed +0 pair of gloves of Hepliaklqana's Whim {MR+ SInv}
   (You found it on level 3 of the Vaults)

   It affects your resistance to hostile enchantments.
   It lets you see invisible.
   It has a curse placed upon it.
 Z - a +2 cloak (worn)
Magical Staves
 i - an uncursed staff of air
 H - an uncursed staff of power (weapon)
 I - an uncursed staff of earth
Jewellery
 p - an amulet of magic regeneration (around neck)
 r - a +2 ring of evasion
 s - an uncursed ring of positive energy
 y - an uncursed amulet of the gourmand
 z - an uncursed ring of see invisible
 G - a +5 ring of protection (right hand)
 J - an uncursed ring of resist corrosion
 K - the macabre finger necklace {rN+}
   (You found it on level 5 of the Lair of Beasts)

   [amulet of nothing]

   It protects you from negative energy.
 L - a ring of ice (left hand)
Wands
 w - a wand of iceblast (24)
 x - a wand of flame (43)
 E - a wand of polymorph (12)
 F - a wand of digging (35)
Scrolls
 f - 5 scrolls of teleportation
 h - 7 scrolls of fog
 k - 7 scrolls of identify
 l - 15 scrolls of remove curse
 m - a scroll of amnesia
 v - 10 scrolls of fear
 A - a scroll of enchant weapon
 V - a scroll of blinking
 W - 3 scrolls of magic mapping
Potions
 a - 3 potions of cancellation
 c - 5 potions of might
 d - 21 potions of curing
 g - a potion of invisibility
 u - 4 potions of brilliance
 B - 5 potions of agility
 D - 4 potions of berserk rage
 M - 3 potions of resistance
 O - 4 potions of haste
 T - 2 potions of flight
Comestibles
 b - 38 rations
 j - 4 chunks of flesh


   Skills:
 + Level 18.5 Fighting
 + Level 6.0 Dodging
 - Level 1.7 Stealth
 - Level 4.1 Shields
 + Level 21.8 Spellcasting
 + Level 18.0 Conjurations
 - Level 5.0 Charms
 - Level 3.2 Translocations
 + Level 8.1 Fire Magic
 + Level 8.2 Ice Magic
 - Level 5.0 Poison Magic


You had 15 spell levels left.
You knew the following spells:

 Your Spells              Type           Power        Failure   Level  Hunger
c - Iskenderun's Mystic   Conj           #######.     0%          4    None
d - Mephitic Cloud        Conj/Pois/Air  ######..     1%          3    None
e - Conjure Flame         Conj/Fire      ######..     0%          3    None
f - Blink                 Tloc           N/A          1%          2    None
g - Poison Arrow          Conj/Pois      ######....   1%          6    ##.....
h - Bolt of Cold          Conj/Ice       #######...   1%          6    ##.....
i - Bolt of Fire          Conj/Fire      ######....   1%          6    ##.....
j - Venom Bolt            Conj/Pois      ######....   1%          5    None
k - Iskenderun's Battles  Conj/Chrm      ######..     1%          5    None
l - Iron Shot             Conj/Erth      ######....   1%          6    ##.....

Your spell library contained the following spells:

 Spells                   Type           Power        Failure   Level  Hunger
 Cause Fear               Hex            ####......   16%         4    None
 Magic Dart               Conj           ####         0%          1    None
 Fireball                 Conj/Fire      ######....   1%          5    None
 Apportation              Tloc           #####.       1%          1    None
 Lightning Bolt           Conj/Air       ######....   1%          5    None
 Slow                     Hex            ####....     2%          2    None
 Confuse                  Hex            ####....     4%          3    None
 Throw Flame              Conj/Fire      ######       0%          2    None
 Throw Frost              Conj/Ice       ######       0%          2    None
 Freezing Cloud           Conj/Ice/Air   #######...   1%          6    ##.....
 Summon Small Mammal      Summ           ####         1%          1    None
 Animate Dead             Necr           N/A          16%         4    None
 Pain                     Necr           ####         1%          1    None
 Animate Skeleton         Necr           N/A          1%          1    None
 Vampiric Draining        Necr           ####......   4%          3    None
 Freeze                   Ice            ####         1%          1    None
 Ozocubu's Refrigeration  Ice            #######...   2%          6    ##.....
 Sticky Flame             Conj/Fire      ######..     1%          4    None
 Summon Ice Beast         Ice/Summ       ######..     3%          4    None
 Ozocubu's Armour         Chrm/Ice       ######..     1%          3    None
 Call Imp                 Summ           ####....     2%          2    None
 Regeneration             Chrm/Necr      #####.....   1%          3    None
 Tukima's Dance           Hex            ####....     4%          3    None
 Spider Form              Tmut/Pois      #####.....   1%          3    None
 Blade Hands              Tmut           ####......   41%         5    None
 Ice Form                 Ice/Tmut       ######..     3%          4    None
 Dragon Form              Tmut           ####......   100%        7    ####...
 Throw Icicle             Conj/Ice       #######.     1%          4    None
 Confusing Touch          Hex            ####..       1%          1    None
 Flame Tongue             Conj/Fire      #####        0%          1    None
 Sticks to Snakes         Tmut           ####....     2%          2    None
 Ensorcelled Hibernation  Hex/Ice        ######       1%          2    None
 Metabolic Englaciation   Hex/Ice        ######....   9%          5    None
 Shatter                  Erth           ####......   100%        9    #######
 Static Discharge         Conj/Air       ######..     1%          3    None
 Corona                   Hex            ####...      1%          1    None
 Simulacrum               Ice/Necr       ######....   41%         6    ##.....
 Tornado                  Air            ####......   100%        9    #######
 Inner Flame              Hex/Fire       #####...     1%          3    None
 Beastly Appendage        Tmut           ####..       1%          1    None
 Fulminant Prism          Conj/Hex       ######....   1%          4    None
 Dazzling Spray           Conj/Hex       ######       1%          3    None
 Force Lance              Conj/Tloc      ######..     1%          4    None
 Searing Ray              Conj           ######       0%          2    None
 Dragon's Call            Summ           ####......   100%        9    #######
 Ignition                 Fire           ######....   65%         8    ######.


Dungeon Overview and Level Annotations

Branches:
Dungeon (15/15)            Temple (1/1) D:6            Lair (6/6) D:9
 Shoals (4/4) Lair:4       Spider (0/4) Lair:3        Slime (0/5) Lair:6
    Orc (2/2) D:10            Elf (0/3) Orc:2        Vaults (4/5) D:14
  Crypt (0/3) Vaults:3     Depths (0/5) D:15

Altars:
Ashenzari
Cheibriados
Dithmenos
Elyvilon
Fedhas
Gozag
Hepliaklqana
Kikubaaqudgha
Makhleb
Nemelex Xobeh
Okawaru
Qazlal
Ru
Sif Muna
Trog
Uskayaw
Vehumet
Wu Jian
Xom
Yredelemnul
Zin
The Shining One
Beogh
Jiyva

Shops:
D:6 [=[*(   D:15 *   Orc:2 [(*=   Shoals:1 (   Vaults:2 %   Vaults:3 %
Vaults:4 =

Annotations:
D:3 1 runed door
Shoals:4 3 runed doors, Vaen's ghost, journeyman MiAK
Vaults:1 2 runed doors, Savaor's ghost, adept DDHu


Innate Abilities, Weirdness & Mutations

You can breathe bolts of dispelling energy.
Your rich purple scales are hard. (AC +10)
You cannot fit into any form of body armour.
You are cold-blooded and may be slowed by cold attacks.
You are dopey. (Int -2)


Message History

As you read the scroll of teleportation, it crumbles to dust.
You feel strangely unstable.
The ironbrand convoker gestures at the two-headed ogre while chanting.
The two-headed ogre seems to grow stronger.
The tentacled monstrosity tentacle-slaps you!
* * * LOW HITPOINT WARNING * * *
The tentacled monstrosity tentacle-slaps you!
* * * LOW HITPOINT WARNING * * *
You block the tentacled monstrosity's attack.
* * * LOW HITPOINT WARNING * * *
The tentacled monstrosity constricts you.
The freezing wraith hits you but does no damage. x2
The tentacled monstrosity's grasp on you weakens, but your attempt to escape fails.
An ogre comes into view. It is wielding a giant club.
The ironbrand convoker hits you but does no damage.
You block the tentacled monstrosity's attack.
The tentacled monstrosity tentacle-slaps you!
* * * LOW HITPOINT WARNING * * *
The tentacled monstrosity tentacle-slaps you!
You die...

####### #.#.#.# ###†#'#'##
#.'......#################
###......#................ #
#.'.....O#................
#.###....>p#................
#p'.O.)))OX@................
#.###'#'#'##W...............
# #.#.#.##.....###########
########.....# #.....#
#.....# #.....# #########
#.....########### #.......#
#.....##....#..#.


You could see a tentacled monstrosity, 2 two-headed ogres, an ironbrand
convoker, a freezing wraith and an ogre.

Vanquished Creatures
  Boris (Vaults:3)
  Nikola (Shoals:3)
  Jory (Vaults:3)
  A tentacled monstrosity (Vaults:4)
  An ancient champion (Vaults:3)
  A sphinx (Vaults:1)
  A storm dragon (Vaults:4)
  Ilsuiw (Shoals:4)
  Donald (Vaults:4)
  3 fire giants
  9 vault wardens
  A frost giant (Vaults:4)
  6 very ugly things (Vaults:3)
  5 ironheart preservers
  6 stone giants
  Nessos (D:14)
  A deep elf annihilator (Vaults:3)
  13 merfolk javelineers
  2 ettins
  3 fire dragons
  6 deep elf death magi
  10 merfolk impalers
  3 great orbs of eyes
  7 yaktaur captains
  2 rakshasas (Vaults:3)
  7 hydras
  5 ice dragons
  10 ogre magi
  A vault guard (D:14)
  A catoblepas (Lair:4)
  3 alligator snapping turtles
  2 death knights
  4 merfolk avatars
  5 merfolk aquamancers
  A tengu warrior (D:15)
  A centaur warrior (Vaults:1)
  A deep troll shaman (Vaults:4)
  37 two-headed ogres
  A deep troll earth mage (Vaults:4)
  Urug (D:12)
  An orc high priest (Orc:2)
  8 deep elf knights
  A fire crab (shapeshifter) (Vaults:2)
  A shadow wraith (Vaults:2)
  A hell knight (D:15)
  3 unseen horrors
  17 sea snakes
  A flayed ghost (Vaults:4)
  4 deep trolls
  3 phantasmal warriors
  A glowing orange brain (Vaults:2)
  8 deep elf archers
  14 ironbrand convokers
  2 necromancers
  8 harpies
  8 deep elf magi
  2 lindwurms
  A shining eye (shapeshifter) (Vaults:4)
  9 cyclopes
  18 orc knights
  24 ugly things
  4 wolf spiders
  A faun (shapeshifter) (Vaults:4)
  8 orc sorcerers
  2 oklob plants (Lair:3)
  7 fauns
  16 elephants
  10 manticores
  A human skeleton (Vaults:4)
  Maurice (D:8)
  11 black mambas
  11 vault sentinels
  4 water nymphs (Shoals:4)
  An ice statue (IceCv)
  16 merfolk sirens
  2 molten gargoyles (Lair:6)
  A gargoyle (D:15)
  6 rime drakes
  2 tengu conjurers (D:15)
  A yaktaur (shapeshifter) (Vaults:3)
  16 spiny frogs
  11 komodo dragons
  31 yaktaurs
  15 freezing wraiths
  3 jumping spiders (Lair:3)
  7 trolls
  38 merfolk
  8 hornets
  7 wind drakes
  6 meliai (D:15)
  An ettin zombie (Vaults:4)
  17 blink frogs
  8 snapping turtles
  8 slime creatures
  18 dream sheep
  14 hippogriffs
  A raiju (shapeshifter) (D:15)
  6 redbacks (Lair:3)
  6 spriggans (Lair:6)
  6 wraiths
  A shadow (D:14)
  8 wyverns
  A wyvern (shapeshifter) (Vaults:4)
  46 yaks
  10 water elementals
  Sigmund (D:4)
  A vampire (D:11)
  A human (D:7)
  A human (shapeshifter) (D:15)
  A hog (shapeshifter) (D:13)
  3 hogs (D:7)
  2 steam dragons (Lair:6)
  5 hungry ghosts
  4 vampire mosquitoes (D:15)
  7 basilisks
  A death yak simulacrum (IceCv)
  A human simulacrum (Vaults:4)
  8 wargs
  An acid dragon (shapeshifter) (Vaults:2)
  3 acid dragons
  8 porcupines
  12 water moccasins
  4 hell hounds (Lair:6)
  9 ice beasts
  43 orc warriors
  2 sky beasts
  3 necrophages
  3 phantoms
  22 ogres
  2 eyes of draining (D:12)
  15 wolves
  13 centaurs
  2 big kobolds (D:10)
  18 crocodiles
  Blork the orc (D:6)
  20 bullfrogs
  A water moccasin zombie (D:11)
  2 gnoll sergeants
  A deep troll simulacrum (Vaults:3)
  A wyvern zombie (D:13)
  A glowing shapeshifter simulacrum (Vaults:3)
  A wyvern skeleton (D:14)
  7 scorpions
  2 elephant simulacra (IceCv)
  4 killer bees
  8 wights
  4 electric eels
  8 howler monkeys
  5 draconian simulacra (IceCv)
  5 lava snakes (Lair:6)
  5 crimson imps
  3 bullfrog zombies
  2 centaur zombies
  29 orc priests
  8 jellies
  2 bullfrog skeletons
  5 centaur skeletons
  10 hounds
  9 iguanas
  46 orc wizards
  6 hell rats
  A polar bear simulacrum (IceCv)
  7 troll simulacra (IceCv)
  14 worker ants
  2 killer bee zombies
  2 centaur simulacra (IceCv)
  A hound skeleton (D:9)
  A worker ant zombie (D:9)
  9 adders
  14 gnolls
  A howler monkey skeleton (D:4)
  3 ogre simulacra (IceCv)
  3 naga simulacra (IceCv)
  2 shadow imps
  12 white imps (IceCv)
  3 oozes
  An adder skeleton (D:4)
  An adder zombie (D:7)
  5 worms
  2 leopard geckos
  113 orcs
  15 giant cockroaches
  7 goblins
  7 hobgoblins
  14 jackals
  8 quokkas
  3 ball pythons
  10 bats
  3 frilled lizards
  18 kobolds
  A leopard gecko skeleton (D:8)
  2 leopard gecko zombies
  8 rats
  2 crawling corpses
  3 fungi (Lair:6)
  4 plants
1394 creatures vanquished.

Vanquished Creatures (others)
  An adder (D:8)
  A bush (Lair:6)
  9 fungi
  42 plants
53 creatures vanquished.

Grand Total: 1447 creatures vanquished

Notes
Turn   | Place    | Note
-------+----------+-------------------------------------------
     0 | D:1      | Oravi the Draconian Conjurer began the quest for the Orb.
     0 | D:1      | Reached XP level 1. HP: 14/14 MP: 3/3
   128 | D:1      | Reached XP level 2. HP: 7/20 MP: 0/5
   132 | D:1      | Learned a level 2 spell: Searing Ray
  1284 | D:2      | Reached XP level 3. HP: 26/26 MP: 2/7
  1641 | D:2      | Reached skill level 3 in Spellcasting
  2193 | D:2      | Reached XP level 4. HP: 33/33 MP: 4/8
  2199 | D:2      | Learned a level 4 spell: Iskenderun's Mystic Blast
  2550 | D:3      | Found a shadowy altar of Dithmenos.
  2642 | D:3      | Found a runed door.
  2818 | D:3      | Reached skill level 5 in Conjurations
  3117 | D:3      | Found a glowing golden altar of the Shining One.
  3117 | D:3      | Noticed an angel
  3226 | D:3      | Reached XP level 5. HP: 38/38 MP: 1/10
  3311 | D:3      | Found a bloodstained altar of Trog.
  3892 | D:4      | Reached skill level 4 in Spellcasting
  4141 | D:4      | Reached XP level 6. HP: 45/45 MP: 4/12
  4930 | D:4      | Noticed Sigmund
  4935 | D:4      | Killed Sigmund
  4935 | D:4      | Reached skill level 5 in Spellcasting
  4935 | D:4      | Your scales start taking on a rich purple colour.
  4935 | D:4      | Reached skill level 6 in Spellcasting
  4935 | D:4      | Reached XP level 7. HP: 39/50 MP: 8/16
  5156 | D:4      | Upgraded the game from 0.22-a0-512-g0943f25562 to 0.22-a0-514-g96ba041d05
  5160 | D:4      | Learned a level 3 spell: Mephitic Cloud
  5164 | D:4      | Learned a level 3 spell: Conjure Flame
  5359 | D:4      | Found an iron altar of Okawaru.
  5367 | D:4      | Found a shattered altar of Ashenzari.
  5369 | D:4      | Got a pair of faintly glowing boots
  5375 | D:4      | Identified the +2 pair of boots of Lies {Regen+ Int+3} (You found it on level 4 of the Dungeon)
  5379 | D:4      | Found a blossoming altar of Fedhas.
  5384 | D:4      | Learned a level 2 spell: Blink
  5466 | D:5      | Entered Level 5 of the Dungeon
  5544 | D:5      | Reached skill level 7 in Spellcasting
  5813 | D:5      | Found a shimmering altar of Xom.
  5813 | D:5      | Found a shimmering altar of Xom.
  5813 | D:5      | Found a shimmering altar of Xom.
  5813 | D:5      | Found a shimmering altar of Xom.
  5814 | D:5      | Found a shimmering altar of Xom.
  5814 | D:5      | Found a shimmering altar of Xom.
  6044 | D:6      | Found Vytax's Jewellery Boutique.
  6048 | D:6      | Noticed Blork the orc
  6052 | D:6      | Killed Blork the orc
  6083 | D:6      | Reached XP level 8. HP: 57/57 MP: 4/19
  6270 | D:6      | Found a staircase to the Ecumenical Temple.
  6288 | Temple   | Entered the Ecumenical Temple
  6373 | D:6      | Reached skill level 8 in Spellcasting
  6525 | D:6      | Found Sonaj's Assorted Antiques.
  6533 | D:6      | Bought a scroll labeled PUONLA BIAWAFU for 26 gold pieces
  6533 | D:6      | Bought a scroll labeled QIDEBO IDWIFFAD for 26 gold pieces
  6963 | D:6      | Found Axtys's Antique Armour Shoppe.
  6970 | D:6      | Bought a pair of embroidered gloves for 225 gold pieces
  6997 | D:6      | Reached skill level 9 in Spellcasting
  7079 | D:6      | Found Qefarap's Armour Emporium.
  7192 | D:6      | Found Katzag's Antique Weapon Shop.
  7395 | D:6      | Bought a lumpy brown potion for 23 gold pieces
  7398 | D:6      | Bought a scroll of identify for 52 gold pieces
  7398 | D:6      | Bought a scroll of identify for 52 gold pieces
  7476 | D:7      | Found an opulent altar of Gozag.
  7479 | D:7      | Noticed a hippogriff
  7607 | D:7      | Killed a hippogriff
  7607 | D:7      | Reached XP level 9. HP: 54/62 MP: 2/22
  8176 | D:7      | Reached skill level 10 in Spellcasting
  8529 | D:7      | Reached skill level 10 in Conjurations
  9162 | D:7      | Reached skill level 11 in Spellcasting
  9651 | D:7      | Reached XP level 10. HP: 69/69 MP: 2/25
 10708 | D:8      | Reached skill level 1 in Translocations
 10725 | D:8      | Found a flagged portal.
 10916 | D:8      | You fall through a shaft!
 10916 | D:9      | Found a staircase to the Lair.
 11105 | D:9      | Noticed a two-headed ogre
 11153 | D:9      | Killed a two-headed ogre
 11153 | D:9      | Reached skill level 12 in Spellcasting
 11981 | D:8      | Noticed a two-headed ogre
 12028 | D:8      | Killed a two-headed ogre
 12301 | D:8      | Noticed Maurice
 12309 | D:8      | Killed Maurice
 12309 | D:8      | Reached XP level 11. HP: 74/74 MP: 4/27
 12449 | D:8      | Found a radiant altar of Vehumet.
 12463 | D:8      | Became a worshipper of Vehumet
 13016 | D:9      | Found a sparkling altar of Nemelex Xobeh.
 13638 | D:9      | Reached skill level 13 in Spellcasting
 13734 | D:9      | Reached * piety under Vehumet
 13734 | D:9      | Offered knowledge of Freeze by Vehumet.
 14332 | D:10     | Entered Level 10 of the Dungeon
 14388 | D:10     | Reached skill level 1 in Shields
 14407 | D:10     | Found a staircase to the Orcish Mines.
 14840 | D:10     | Noticed an unseen horror
 14843 | D:10     | Killed an unseen horror
 15096 | D:10     | Offered knowledge of Throw Flame by Vehumet.
 15239 | D:10     | Reached ** piety under Vehumet
 16117 | D:11     | Found a frozen archway.
 16159 | IceCv    | Entered an ice cave
 16248 | IceCv    | Offered knowledge of Ignite Poison by Vehumet.
 16715 | IceCv    | Reached skill level 1 in Fighting
 16834 | IceCv    | Reached *** piety under Vehumet
 17537 | IceCv    | Found an ancient bone altar of Kikubaaqudgha.
 17711 | IceCv    | Noticed a necromancer
 17716 | IceCv    | Killed a necromancer
 17716 | IceCv    | Reached skill level 14 in Spellcasting
 18056 | IceCv    | Reached XP level 12. HP: 88/88 MP: 17/30
 18368 | IceCv    | Offered knowledge of Stone Arrow by Vehumet.
 19214 | D:11     | Noticed a two-headed ogre
 19219 | D:11     | Killed a two-headed ogre
 19222 | D:11     | Reached **** piety under Vehumet
 19394 | D:11     | Offered knowledge of Irradiate by Vehumet.
 20085 | D:11     | Found an opulent altar of Gozag.
 20126 | D:11     | Noticed a two-headed ogre
 20138 | D:11     | Killed a two-headed ogre
 20138 | D:11     | Reached skill level 5 in Fighting
 20455 | D:11     | Noticed a two-headed ogre
 20467 | D:11     | Killed a two-headed ogre
 20881 | D:12     | Reached ***** piety under Vehumet
 20946 | D:12     | Noticed Urug
 20951 | D:12     | Killed Urug
 21115 | D:11     | Offered knowledge of Yara's Violent Unravelling by Vehumet.
 21881 | D:12     | Noticed an ice dragon
 21917 | D:12     | Killed an ice dragon
 22152 | D:13     | Noticed a two-headed ogre
 22159 | D:13     | Killed a two-headed ogre
 22159 | D:13     | Reached skill level 15 in Spellcasting
 22351 | D:13     | Found a burning altar of Makhleb.
 22684 | D:13     | Noticed a two-headed ogre
 22689 | D:13     | Killed a two-headed ogre
 22864 | D:13     | Noticed a two-headed ogre
 22870 | D:13     | Killed a two-headed ogre
 22870 | D:13     | Reached XP level 13. HP: 104/104 MP: 13/32
 23503 | D:13     | Noticed a blizzard demon
 24820 | Lair:1   | Entered Level 1 of the Lair of Beasts
 26368 | Lair:2   | Reached skill level 15 in Conjurations
 27314 | Lair:3   | Reached skill level 16 in Spellcasting
 27470 | Lair:3   | Found a hole to the Spider Nest.
 27854 | Lair:3   | Offered knowledge of Poison Arrow by Vehumet.
 27862 | Lair:3   | Learned a level 6 spell: Poison Arrow
 28270 | Lair:3   | Reached skill level 10 in Fighting
 28458 | Lair:3   | Reached XP level 14. HP: 120/120 MP: 14/34
 28533 | Lair:3   | Identified the +8 quarterstaff "Necim" {crush, Dex+3} (You found it on level 3 of the Lair of Beasts)
 29481 | Lair:4   | Found a staircase to the Shoals.
 30318 | Lair:5   | Found the macabre finger necklace {rN+}
 30512 | Lair:6   | Entered Level 6 of the Lair of Beasts
 31175 | Lair:6   | Found a viscous altar of Jiyva.
 31175 | Lair:6   | Found a staircase to the Slime Pits.
 31240 | Lair:6   | Reached skill level 17 in Spellcasting
 32242 | Lair:6   | Learned a level 6 spell: Bolt of Cold
 32249 | Lair:6   | Learned a level 6 spell: Bolt of Fire
 32463 | Lair:6   | Reached XP level 15. HP: 131/132 MP: 6/36
 33107 | Lair:6   | Found a large runed door.
 33108 | Lair:6   | Found a large runed door.
 33521 | D:13     | Offered knowledge of Venom Bolt by Vehumet.
 33701 | D:14     | Noticed Nessos
 33706 | D:14     | Killed Nessos
 34012 | D:14     | Found a gate to the Vaults.
 34228 | D:15     | Entered Level 15 of the Dungeon
 34360 | D:15     | Reached skill level 1 in Poison Magic
 34411 | D:15     | Reached skill level 1 in Ice Magic
 34411 | D:15     | Reached skill level 1 in Fire Magic
 34690 | D:15     | Found Roec's Assorted Antiques.
 34693 | D:15     | Bought an iridescent hand axe for 264 gold pieces
 34693 | D:15     | Identified the cursed +1 hand axe "Zotzitwao" {protect, rC+} (You bought it in a shop on level 15 of the Dungeon)
 34882 | D:15     | Found a staircase to the Depths.
 35225 | D:15     | Learned a level 5 spell: Venom Bolt
 35410 | D:15     | Reached skill level 18 in Spellcasting
 35652 | Orc:1    | Entered Level 1 of the Orcish Mines
 36115 | Orc:1    | Offered knowledge of Iskenderun's Battlesphere by Vehumet.
 36122 | Orc:1    | Learned a level 5 spell: Iskenderun's Battlesphere
 36123 | Orc:1    | Reached ****** piety under Vehumet
 36224 | Orc:1    | Found a roughly hewn altar of Beogh.
 36355 | Orc:2    | Entered Level 2 of the Orcish Mines
 36707 | Orc:2    | Found a staircase to the Elven Halls.
 37350 | Orc:2    | Found Ruli Pul's General Store.
 37350 | Orc:2    | Found Avilenle's Jewellery Boutique.
 37350 | Orc:2    | Found Segiet's Weapon Shop.
 37353 | Orc:2    | Found Irylas's Antique Armour Shop.
 37737 | Orc:2    | Bought a runed cloak for 270 gold pieces
 37757 | Orc:2    | Bought an embroidered scarf for 288 gold pieces
 38205 | Shoals:1 | Entered Level 1 of the Shoals
 38275 | Shoals:1 | Found Ithixak's Antique Weapon Boutique.
 38339 | Shoals:1 | Reached skill level 1 in Charms
 38606 | Shoals:1 | Offered knowledge of Iron Shot by Vehumet.
 38614 | Shoals:1 | Learned a level 6 spell: Iron Shot
 39078 | Shoals:1 | Reached XP level 16. HP: 143/143 MP: 32/38
 40710 | Shoals:3 | Noticed Nikola
 40715 | Shoals:3 | Killed Nikola
 41064 | Shoals:3 | Reached skill level 5 in Fire Magic
 41064 | Shoals:3 | Reached skill level 5 in Ice Magic
 41066 | Shoals:3 | Reached skill level 5 in Poison Magic
 41586 | Shoals:3 | Reached skill level 5 in Charms
 41982 | Shoals:4 | Entered Level 4 of the Shoals
 42307 | Shoals:4 | Offered knowledge of Orb of Destruction by Vehumet.
 42621 | Shoals:4 | Got a scorched mace
 42622 | Shoals:4 | Identified the +1 mace "Soitiridi" {crush, +Inv} (You found it on level 4 of the Shoals)
 42765 | Shoals:4 | Reached skill level 19 in Spellcasting
 43219 | Shoals:4 | Noticed Ilsuiw
 43236 | Shoals:4 | Found a runed gate.
 43236 | Shoals:4 | Found a runed gate.
 43239 | Shoals:4 | Noticed Vaen's ghost (journeyman MiAK)
 43299 | Shoals:4 | Reached XP level 17. HP: 118/154 MP: 18/40
 43438 | Shoals:4 | Reached skill level 15 in Fighting
 44537 | Shoals:4 | Killed Ilsuiw
 44695 | Shoals:4 | Found a runed gate.
 45141 | Shoals:4 | Got a barnacled rune of Zot
 45880 | Vaults:1 | Entered Level 1 of the Vaults
 46324 | Vaults:1 | Reached skill level 20 in Spellcasting
 46324 | Vaults:1 | Offered knowledge of Conjure Ball Lightning by Vehumet.
 47480 | Vaults:1 | Found a large runed door.
 47480 | Vaults:1 | Found a large runed door.
 47480 | Vaults:1 | Noticed Savaor's ghost (adept DDHu)
 48395 | Vaults:2 | Reached XP level 18. HP: 169/169 MP: 21/42
 49367 | Vaults:2 | Reached skill level 21 in Spellcasting
 49699 | Vaults:2 | Found Gisatiwnol's Food Emporium.
 49732 | Vaults:2 | Offered knowledge of Fire Storm by Vehumet.
 49732 | Vaults:2 | Offered knowledge of Glaciate by Vehumet.
 49732 | Vaults:2 | Offered knowledge of Chain Lightning by Vehumet.
 50597 | Vaults:3 | Found Edur's Food Emporium.
 51052 | Vaults:3 | Found a staircase to the Crypt.
 52524 | Vaults:3 | Reached XP level 19. HP: 143/179 MP: 31/44
 53310 | Vaults:3 | Got a pair of shimmering gloves
 53311 | Vaults:3 | Identified the cursed +0 pair of gloves of Hepliaklqana's Whim {MR+ SInv} (You found it on level 3 of the Vaults)
 53881 | Vaults:4 | Found Yshrimit's Jewellery Shop.
 53978 | Vaults:4 | Noticed Boris
 54016 | Vaults:3 | Killed Boris
 54224 | Vaults:4 | Reached skill level 5 in Dodging
 54630 | Vaults:4 | Noticed Donald
 55124 | Vaults:4 | Killed Donald
 55479 | Vaults:4 | Noticed Jory
 55594 | Vaults:3 | Killed Jory
 56030 | Vaults:4 | Gained mutation: You are dopey. (Int -2) [a shining eye]
 56355 | Vaults:4 | Slain by a tentacled monstrosity

Vault maps used:
D:1:      onia_arrival_pyramid
D:2:      minmay_roachtagon, first_ration, kennysheep_cross_room
D:3:      overflow_temple_1_default, bloody_trog, minmay_liquid_box,
          hangedman_decor_peaks_small, lemuel_angel_altar
D:4:      minmay_overflow_temple_star_quad, uniq_sigmund
D:5:      xom_redecorated
D:6:      minmay_temple_entry_hall, serial_shops, nicolae_shop_stone,
          kennysheep_mini_moat, nicolae_shop_crystal, nicolae_shop_behind_doors,
          kennysheep_mini, uniq_blork_the_orc
D:7:      cheibrodos_fzero, basic_altar, grunt_livestock,
          kennysheep_generic_room_8
D:8:      fiery_altar_vehumet, enter_bailey_8, serial_glass, glass_columns_a,
          glass_columns_b, glass_columns_a, glass_columns_a, glass_columns_a,
          glass_columns_a, glass_columns_c, glass_columns_a, glass_columns_a,
          glass_columns_a, glass_columns_a, glass_columns_a, glass_columns_c,
          glass_columns_a, minmay_strange_pillars, feat_on_display, uniq_maurice
D:9:      kennysheep_little_box, erik_lair_island
D:10:     minmay_orc_entry_guard_dogs
D:11:     wad_cavern_with_rooms, portal_ice_cave_entry_pillars_2,
          nicolae_gozag_cash_rules_everything_around_me
D:12:     uniq_urug
D:13:     kennysheep_another_room, minmay_statues_item,
          makhleb_altar_promises_db
D:14:     david_vaults_5, minmay_misc_feat_diagonals, uniq_nessos
D:15:     hangedman_depths_entry_civil_slaughter, patterned_corridor,
          serial_shops, shop, serial_bayou_pond_c
Temple:   eino_temple_lava
Lair:1:   minivault_23, infiniplex_staircase_pool
Lair:2:   infiniplex_staircase_pool_2, grunt_megastairs_4
Lair:3:   cheibrodos_lair_overgrown_chateau, nicolae_spider_entry_tight_spaces,
          minmay_lair_oklob_chamber, grunt_megastairs_3
Lair:4:   minmay_shoals_entry_lonely_mermaid, st_stairs_10, beast_lair_carwin_6
Lair:6:   cheibrodos_lair_end_hotspot, dpeg_slime_entry_enclosed_altar,
          wad_woods_01
Shoals:1: serial_shops, shop
Shoals:3: cheibrodos_shoals_epimethial_gifts, uniq_nikola
Shoals:4: shoals_end_simple, shoal_ilsuiw, gammafunk_ghost_necromancy
Orc:1:    nicolae_orc_lost_temple
Orc:2:    st_orc_mages, special_room
Vaults:1: advil_vaults_ghost_guards, dpeg_vaults_monster_box,
          ontoclasm_vaults_ring_large, vaults_room_pools,
          ontoclasm_vaults_loading_screen, v_misc_27, vaults_dpeg_hooks,
          nicolae_vaults_mini_display_case, ontoclasm_vaults_pinch
Vaults:2: vaults_standard_mumra_lines, v_misc_14, v_rooms_4,
          ontoclasm_vaults_bender, hangedman_vaults_nails,
          ontoclasm_vaults_fault, ontoclasm_vaults_idyll,
          nicolae_vaults_shelves_hall, vaults_mumra_chevron,
          vaults_room_door_ring, v_pattern_5, hangedman_vaults_trim,
          hangedman_vaults_stretched_pinwheel, vaults_dpeg_spiral,
          ontoclasm_vaults_ring_square, vaults_room_fours, v_misc_13,
          nicolae_vaults_shelves_hall, vaults_room_door_ring,
          ontoclasm_vaults_shuriken, serial_shops, shop
Vaults:3: v_misc_18, minmay_crypt_entry_simple_walls,
          nicolae_vaults_inception_statues, nicolae_vaults_little_squares_3,
          ontoclasm_vaults_tryst, hangedman_vaults_stretched_pinwheel,
          nicolae_vaults_circle_grid_b, hangedman_vaults_stream,
          nicolae_vaults_branching_niches, v_misc_27, nicolae_vaults_alarming,
          nicolae_vaults_shelves_hall, nicolae_vaults_border_crossing,
          serial_shops, shop_fountains
Vaults:4: nicolae_vaults_network_periphery, v_misc_28, vaults_room_large_hall,
          nicolae_vaults_windows_and_doors_thing, dpeg_vaults_monster_row,
          nicolae_vaults_c_with_doors, ontoclasm_vaults_spin,
          ontoclasm_vaults_chip, nicolae_vaults_angled_halls,
          nicolae_vaults_diagonal_hallway_6, serial_shops, shop, uniq_donald,
          uniq_boris, uniq_jory
IceCv:    ice_cave_small_necro

Skill      XL: |  1  2  3  4  5  6  7  8  9 10 11 12 13 14 15 16 17 18 19 |
---------------+----------------------------------------------------------+-----
Spellcasting   | 3 4 6 7 9 11 12 14 15 16 17 18 19 20 21 | 21.8
Conjurations   | 5 6 7 9 10 12 13 14 15 16 17 18 | 18.0
Translocations | 3 |  3.2
Shields        | 4 |  4.1
Fighting       | 2 7 10 12 13 14 17 18 | 18.5
Poison Magic   | 3 5 |  5.0
Ice Magic      | 3 5 6 8 |  8.2
Fire Magic     | 3 5 6 8 |  8.1
Charms         | 2 5 |  5.0
Dodging        | 4 6 |  6.0
Stealth        | |  1.7

Action                   |  1- 3 |  4- 6 |  7- 9 | 10-12 | 13-15 | 16-18 | 19-21 || total
-------------------------+-------+-------+-------+-------+-------+-------+-------++-------
Melee: Unarmed           |    44 |     9 |    35 |    14 |       |       |       ||   102
       Tailslap          |     9 |     1 |       |    12 |     1 |     8 |     1 ||    32
       Whip              |       |       |       |    42 |       |       |       ||    42
       Hand axe          |       |       |       |    29 |       |       |       ||    29
       Demon trident     |       |       |       |       |    64 |    29 |       ||    93
       Staff             |       |       |       |       |       |     8 |     3 ||    11
       Short sword       |       |       |       |       |       |    22 |       ||    22
Throw: Stone             |     3 |       |       |       |     3 |    11 |     1 ||    18
       Tomahawk          |       |       |       |     8 |       |     2 |       ||    10
 Cast: Magic Dart        |    66 |    70 |    34 |     2 |       |     7 |       ||   179
       Searing Ray       |     7 |    22 |    48 |   100 |    14 |     1 |       ||   192
       Iskenderun's Myst |       |     2 |    68 |   364 |   826 |   221 |    63 ||  1544
       Mephitic Cloud    |       |       |     2 |     8 |     1 |       |     2 ||    13
       Conjure Flame     |       |       |     6 |    43 |    34 |       |     7 ||    90
       Blink             |       |       |       |       |     6 |     1 |     8 ||    15
       Bolt of Fire      |       |       |       |       |     6 |    59 |    69 ||   134
       Bolt of Cold      |       |       |       |       |    18 |   150 |    34 ||   202
       Poison Arrow      |       |       |       |       |    41 |   283 |    80 ||   404
       Iskenderun's Batt |       |       |       |       |    26 |    41 |    18 ||    85
       Iron Shot         |       |       |       |       |       |     2 |       ||     2
       Venom Bolt        |       |       |       |       |       |     5 |     1 ||     6
 Abil: Breathe Dispellin |       |       |       |       |       |     1 |       ||     1
Evoke: Wand              |       |       |       |     1 |       |       |       ||     1
  Use: Scroll            |       |    10 |    11 |     3 |    15 |    14 |     4 ||    57
       Potion            |       |       |     1 |     2 |       |     9 |       ||    12
  Eat: Chunk             |     5 |     8 |    18 |    30 |    52 |    54 |    12 ||   179
       Ration            |       |       |       |     3 |     1 |     3 |       ||     7
Armor: Skin              |    20 |     4 |    59 |   135 |   113 |   126 |    44 ||   501
Dodge: Dodged            |    26 |    15 |    87 |   174 |   145 |   149 |    63 ||   659
Block: Buckler           |       |       |       |    52 |    60 |    53 |    30 ||   195

Table legend:
 A = Spawn XP
 B = Non-spawn XP
 C = Spawn XP percentage of total XP
 D = Spawn monster count
 E = Non-spawn monster count
 F = Spawn count percentage of total count
 G = Total turns spent on level
                    A         B        C        D         E        F      G
               +---------+---------+-------+---------+---------+-------+---------
         Total |       0 |  459947 |   0.0 |       0 |    1385 |   0.0 | 56355
               +---------+---------+-------+---------+---------+-------+---------
           D:1 |       0 |      38 |   0.0 |       0 |      20 |   0.0 |  1324
           D:2 |       0 |      70 |   0.0 |       0 |      31 |   0.0 |  1226
           D:3 |       0 |      98 |   0.0 |       0 |      20 |   0.0 |  1134
           D:4 |       0 |     804 |   0.0 |       0 |      23 |   0.0 |  1782
           D:5 |       0 |     246 |   0.0 |       0 |       8 |   0.0 |   511
           D:6 |       0 |    1374 |   0.0 |       0 |      26 |   0.0 |  1921
           D:7 |       0 |    3626 |   0.0 |       0 |      48 |   0.0 |  2096
           D:8 |       0 |    2108 |   0.0 |       0 |      29 |   0.0 |  1663
           D:9 |       0 |    4781 |   0.0 |       0 |      71 |   0.0 |  3017
          D:10 |       0 |    3737 |   0.0 |       0 |      43 |   0.0 |  2071
          D:11 |       0 |    6895 |   0.0 |       0 |      48 |   0.0 |  1820
          D:12 |       0 |    4145 |   0.0 |       0 |      20 |   0.0 |  1820
          D:13 |       0 |    8132 |   0.0 |       0 |      23 |   0.0 |  1602
          D:14 |       0 |   13920 |   0.0 |       0 |      34 |   0.0 |  1641
          D:15 |       0 |   17298 |   0.0 |       0 |      38 |   0.0 |  1319
        Lair:1 |       0 |    1434 |   0.0 |       0 |       7 |   0.0 |   866
        Lair:2 |       0 |    5138 |   0.0 |       0 |      26 |   0.0 |  1498
        Lair:3 |       0 |   15389 |   0.0 |       0 |      53 |   0.0 |  1783
        Lair:4 |       0 |    5567 |   0.0 |       0 |      17 |   0.0 |  1037
        Lair:5 |       0 |    7375 |   0.0 |       0 |      29 |   0.0 |  1396
        Lair:6 |       0 |   29173 |   0.0 |       0 |      97 |   0.0 |  2178
      Shoals:1 |       0 |   11553 |   0.0 |       0 |      28 |   0.0 |  1014
      Shoals:2 |       0 |   13235 |   0.0 |       0 |      30 |   0.0 |  1131
      Shoals:3 |       0 |   30039 |   0.0 |       0 |      50 |   0.0 |  2597
      Shoals:4 |       0 |   43918 |   0.0 |       0 |      68 |   0.0 |  2498
         Orc:1 |       0 |    2621 |   0.0 |       0 |      43 |   0.0 |   681
         Orc:2 |       0 |    6781 |   0.0 |       0 |      73 |   0.0 |  1388
      Vaults:1 |       0 |   27679 |   0.0 |       0 |      42 |   0.0 |  1874
      Vaults:2 |       0 |   46711 |   0.0 |       0 |      83 |   0.0 |  2430
      Vaults:3 |       0 |   84550 |   0.0 |       0 |     126 |   0.0 |  4032
      Vaults:4 |       0 |   55115 |   0.0 |       0 |      77 |   0.0 |  1914
         IceCv |       0 |    6397 |   0.0 |       0 |      54 |   0.0 |  3026
               +---------+---------+-------+---------+---------+-------+---------
